Map: Ultralove

Players

Solar

  • Race: Zerg Zerg
  • Spawn Location: 1:00

Classic - Winner!

  • Race: Protoss Protoss
  • Spawn Location: 7:00

Event: Esports World Cup 2025

VOD

Have the link to the VOD?

Description

Time

  • Played on: July 25, 2025, 9:02 a.m.
  • Length: 11:39

All games in this series

Show
View Real Time Build Order
Export as new Build Order

Solar Zerg 

Build Orders: Hatch First 

Get SALT Encoding   

  12  0:00  Drone  
  13  0:08  Drone  
  14  0:14  Extractor  
  14  0:15  Drone  
  15  0:22  Overlord  
  15  0:41  Drone  
  16  0:44  Hatchery  
  16  0:48  Drone  
  16  0:52  Drone  
  16  0:56  Drone  
  18  1:06  Extractor  
  17  1:11  Spawning Pool  
  17  1:14  Drone  
  17  1:17  Drone  
  18  1:28  Drone  
  19  1:38  Drone  
  20  1:48  Drone  
  21  1:58  Zergling x2, Queen x2  
  26  2:01  Overlord  
  26  2:08  Drone  
  26  2:10  Zergling x2  
  26  2:14  Metabolic Boost  
  28  2:20  Drone  
  28  2:21  Drone  
  30  2:33  Queen  
  32  2:41  Hatchery  
  31  2:45  Overlord  
  31  2:48  Drone  
  32  2:52  Drone  
  32  2:53  Drone  
  32  2:57  Drone x2  
  36  3:03  Spore Crawler  
  36  3:05  Spore Crawler  
  34  3:06  Drone x3  
  34  3:08  Drone  
  34  3:12  Overlord  
  40  3:17  Drone x2  
  40  3:18  Drone  
  43  3:21  Zergling x2  
  43  3:24  Spore Crawler  
  43  3:27  Drone  
  43  3:31  Queen  
  43  3:33  Zergling x2  
  47  3:36  Overlord  
  47  3:43  Queen  
  47  3:44  Drone  
  47  3:45  Drone  
  47  3:47  Drone  
  52  3:52  Evolution Chamber, Drone  
  52  3:53  Drone  
  53  3:59  Spore Crawler  
  53  4:01  Zergling x4  
  54  4:03  Overlord  
  54  4:07  Drone x2  
  54  4:08  Drone  
  57  4:12  Drone x2  
  57  4:15  Drone x3  
  62  4:19  Overlord  
  62  4:22  Zerg Melee Weapons Level 1  
  62  4:24  Drone  
  62  4:28  Zergling x6  
  64  4:36  Baneling Nest, Drone x2  
  61  4:39  Spore Crawler  
  61  4:40  Spore Crawler  
  61  4:41  Drone x2  
  61  4:43  Drone  
  61  4:44  Drone x3  
  66  4:48  Drone x2  
  66  4:49  Drone  
  66  4:52  Overlord  
  69  4:53  Drone  
  69  4:55  Drone  
  69  4:58  Zergling x2  
  71  5:02  Zergling x4  
  71  5:03  Extractor  
  72  5:08  Overlord  
  72  5:12  Zergling x4  
  72  5:13  Hatchery  
  73  5:15  Drone x3  
  73  5:19  Lair  
  73  5:20  Drone  
  77  5:22  Drone  
  77  5:23  Extractor  
  77  5:26  Drone x4  
  80  5:28  Baneling  
  80  5:29  Baneling  
  80  5:31  Zergling x6  
  82  5:35  Zergling x4  
  82  5:38  Baneling  
  82  5:39  Zergling x2  
  82  5:41  Queen  
  83  5:43  Zergling x2  
  83  5:44  Zergling x4  
  83  5:47  Baneling  
  83  5:48  Drone x2  
  83  5:49  Drone  
  84  5:58  Drone x3  
  84  5:59  Baneling  
  84  6:00  Baneling x2  
  84  6:02  Roach Warren  
  85  6:06  Zergling x2  
  85  6:08  Overlord  
  85  6:09  Drone  
  87  6:12  Drone x2  
  87  6:13  Zergling x2  
  85  6:19  Zergling x4  
  85  6:24  Drone  
  84  6:27  Drone x2  
  84  6:32  Zergling x4  
  86  6:35  Drone  
  78  6:41  Drone x4  
  78  6:42  Drone  
  78  6:43  Drone  
  81  6:49  Drone x2  
  81  6:53  Drone  
  84  6:57  Drone x2  
  84  7:00  Extractor  
  84  7:01  Glial Reconstitution  
  84  7:03  Drone x2  
  84  7:05  Extractor, Drone  
  84  7:08  Drone  
  86  7:09  Zerg Missile Weapons Level 1  
  86  7:12  Overlord x2  
  86  7:13  Drone  
  86  7:15  Roach x2  
  91  7:18  Roach x2  
  94  7:24  Overlord x2  
  94  7:25  Roach x3  
  94  7:27  Drone  
  99  7:30  Drone x2  
  99  7:33  Roach x5  
  99  7:36  Roach  
  112  7:38  Roach  
  112  7:41  Roach  
  112  7:43  Roach x2  
  112  7:44  Roach  
  122  7:50  Roach x3  
  128  7:52  Overlord x2  
  128  7:53  Overseer  
  128  7:54  Ravager x2  
  129  8:00  Zergling x12  
  129  8:03  Zergling x2  
  129  8:04  Overlord  
  129  8:05  Overlord  
  136  8:11  Ravager x3  
  139  8:14  Zergling x10  
  139  8:16  Overlord  
  139  8:17  Overlord  
  139  8:19  Ravager  
  147  8:20  Roach  
  147  8:23  Zergling x8  
  147  8:29  Queen  
  147  8:31  Zergling x2  
  147  8:32  Zergling x6  
  149  8:40  Zergling x12  
  154  8:42  Ravager x4  
  154  8:43  Roach x2  
  159  8:51  Roach x5  
  153  8:57  Roach  
  153  8:58  Roach x3  
  153  9:00  Roach  
  137  9:03  Roach  
  137  9:04  Roach  
  137  9:07  Roach x2  
  133  9:11  Roach  
  133  9:12  Zergling x4, Roach  
  131  9:19  Ravager  
  131  9:20  Zergling x8  
  131  9:23  Ravager  
  137  9:28  Roach x2  
  137  9:31  Ravager  
  142  9:32  Zergling x2  
  142  9:33  Zergling x2  
  144  9:39  Zergling x2, Roach x4  
  144  9:43  Overseer  
  153  9:46  Queen  
  153  9:47  Zergling x6  
  153  9:51  Roach x3  
  164  9:53  Ravager  
  164  9:55  Zergling x2  
  164  9:59  Zergling x12  
  168  10:03  Roach  
  168  10:04  Roach x2  
  173  10:09  Zergling x12  
  173  10:12  Zergling x2  
  167  10:16  Roach x4  
  172  10:26  Roach x3  
  175  10:29  Queen, Overlord  
  175  10:34  Zergling x4  
  176  10:36  Overlord x2  
  176  10:41  Overlord  
  176  10:42  Overlord  
  176  10:45  Ravager x2  
  176  10:47  Overlord  
  176  10:48  Zergling x12  
  176  10:49  Zergling x4  
  175  11:00  Roach x4  
  175  11:01  Roach x3  
  175  11:03  Roach  
  181  11:05  Roach x3  
  181  11:09  Roach x4  
  168  11:12  Roach x2  
  168  11:16  Roach  
Show
View Real Time Build Order
Export as new Build Order

Classic Protoss - Winner!

Build Orders: 1 Gate Expand, Oracle Opening 

Get SALT Encoding   

  12  0:00  Probe  
  13  0:12  Probe  
  14  0:17  Pylon  
  14  0:24  Probe  
  15  0:32  Probe  
  15  0:37  Gateway  
  15  0:40  Probe  
  16  0:47  Assimilator  
  17  0:50  Probe  
  18  1:03  Probe  
  19  1:15  Probe  
  20  1:23  Nexus  
  20  1:33  Cybernetics Core  
  20  1:37  Probe  
  21  1:43  Assimilator  
  21  1:49  Probe  
  21  1:53  Pylon  
  22  2:01  Probe  
  22  2:02  Adept  
  23  2:14  Probe  
  26  2:16  Stargate  
  26  2:24  Warp Gate  
  26  2:25  Probe  
  27  2:32  Adept, Probe  
  27  2:33  Probe  
  30  2:40  Probe  
  30  2:41  Probe  
  32  2:50  Probe  
  33  2:51  Oracle  
  33  2:52  Probe  
  35  3:02  Probe  
  35  3:04  Probe  
  40  3:09  Pylon  
  40  3:14  Probe  
  40  3:16  Probe  
  40  3:17  Gateway  
  42  3:23  Twilight Council  
  42  3:26  Probe  
  43  3:28  Probe  
  43  3:32  Oracle  
  44  3:38  Probe  
  44  3:40  Probe  
  46  3:47  Resonating Glaives  
  49  3:49  Nexus  
  49  3:53  Pylon  
  49  4:03  Gateway  
  49  4:05  Gateway  
  49  4:08  Assimilator  
  49  4:12  Assimilator  
  49  4:17  Stalker  
  51  4:19  Adept  
  51  4:20  Probe  
  51  4:22  Probe  
  55  4:25  Pylon  
  55  4:32  Probe  
  55  4:34  Probe  
  57  4:44  Probe  
  58  4:46  Adept x2, Probe  
  58  4:49  Pylon  
  63  4:56  Probe  
  63  4:58  Adept x2, Probe  
  69  5:03  Pylon, Probe  
  70  5:09  Probe  
  70  5:11  Adept x2  
  70  5:14  Probe  
  76  5:15  Probe  
  76  5:18  Adept  
  76  5:19  Adept  
  76  5:21  Probe  
  82  5:27  Blink  
  82  5:28  Probe  
  82  5:29  Probe  
  82  5:30  Shield Battery  
  82  5:33  Probe  
  83  5:41  Probe x2  
  85  5:46  Probe  
  83  5:53  Probe  
  83  5:54  Adept x4  
  83  5:55  Assimilator  
  92  5:59  Assimilator  
  92  6:01  Templar Archives  
  92  6:03  Pylon  
  92  6:08  Gateway  
  92  6:10  Gateway  
  92  6:12  Probe x3  
  93  6:22  Gateway  
  93  6:23  Forge  
  93  6:24  Gateway, Probe x3  
  94  6:33  Psionic Storm  
  94  6:36  Probe x3  
  94  6:39  Stalker x4  
  93  6:44  Pylon  
  89  6:49  Robotics Facility  
  81  7:02  High Templar x2  
  81  7:04  Photon Cannon  
  81  7:05  Nexus  
  81  7:07  Pylon  
  85  7:10  Protoss Ground Weapons Level 1  
  85  7:12  Shield Battery  
  85  7:14  High Templar x2  
  89  7:16  Stalker  
  89  7:20  Stalker  
  93  7:23  Pylon, Stalker  
  95  7:35  Observer  
  95  7:37  Stalker x3, Photon Cannon  
  95  7:39  Stalker  
  104  7:47  Stalker  
  104  7:51  Warp Prism, Shield Battery, Probe x3  
  111  8:04  Charge  
  111  8:05  Probe x3  
  113  8:09  High Templar  
  113  8:10  Zealot x5, Assimilator, High Templar  
  113  8:11  Assimilator  
  128  8:14  Archon  
  128  8:16  Stalker  
  130  8:26  Immortal  
  130  8:29  Pylon  
  130  8:31  Pylon  
  124  8:35  Stalker x4  
  136  8:42  Robotics Facility  
  136  8:45  Stalker x3  
  132  9:00  Stalker x5  
  124  9:07  Immortal  
  122  9:13  Protoss Ground Weapons Level 2  
  126  9:18  Probe x4  
  126  9:23  Zealot  
  132  9:27  Zealot x5, High Templar  
  144  9:34  Immortal  
  144  9:35  Photon Cannon  
  144  9:38  High Templar  
  144  9:39  Immortal  
  150  10:02  High Templar  
  150  10:06  Stalker x5  
  150  10:07  Stalker  
  162  10:13  Immortal  
  155  10:14  Immortal  
  159  10:27  Photon Cannon  
  159  10:29  Stalker x2  
  159  10:33  Pylon  
  157  10:36  Pylon  
  157  10:38  Pylon  
  157  10:39  Zealot x2  
  157  10:40  Zealot x2  
  157  10:42  Pylon  
  163  10:45  Photon Cannon  
  163  10:51  Stalker  
  151  11:11  Zealot x4  
  151  11:12  Zealot x2  
Tags
 
Add a new tag
Caveats
  • Supply blocks, unpowered buildings, or Contaminate may cause inaccurate times.
  • Supply counts are checked every 10 seconds.